 Dungeon Crawl Stone Soup version 0.31-a0-986-g5e6e4ef867 (webtiles) character file.

Game seed: 11232791620489804832

61 ExaltedWalrus the Trooper (level 3, -9/33 HPs)
             Began as a Draconian Berserker on Nov 16, 2023.
             Was a Believer of Trog.
             Mangled by a sleepcap (13 damage)
             ... on level 3 of the Dungeon on Nov 17, 2023.
             The game lasted 00:14:37 (1938 turns).

ExaltedWalrus the Trooper (Draconian Berserker)     Turns: 1938, Time: 00:14:37

Health: -9/33      AC:  5    Str: 19    XL:     3   Next: 83%
Magic:  3/3        EV:  2    Int:  7    God:    Trog [**....]
Gold:   172        SH:  0    Dex: 12    Spells: 2/2 levels left

rFire   + . .        a - +0 falchion
rCold   + . .        (no shield)
rNeg    . . .        (body armour unavailable)
rPois   .            (helmet restricted)
rElec   .            (no cloak)
rCorr   .            (no gloves)
SInv    .            (no boots)
Will    .....        (no amulet)
Stlth   +            h - ring of protection from fire
HPRegen 0.25/turn    i - ring of protection from cold
MPRegen 0.08/turn

%: no passive effects
@: sleeping
A: AC +5, unfitting armour, cold-blooded
a: Renounce Religion, Berserk, Trog's Hand


You were on level 3 of the Dungeon.
You worshipped Trog.
Trog was pleased with you.
You visited 1 branch of the dungeon, and saw 3 of its levels.

You collected 172 gold pieces.

Inventory:

Hand Weapons
 a - a +0 falchion (weapon)
Missiles
 c - 9 poisoned darts
 g - 18 stones
Armour
 m - a scarf of shadows
 p - a +0 cloak
 q - a +0 pair of gloves
Jewellery
 h - a ring of protection from fire (left hand)
 i - a ring of protection from cold (right hand)
Scrolls
 e - a scroll of revelation {unknown}
 f - 2 scrolls of identify {unknown}
 l - a scroll of enchant armour {unknown}
Potions
 b - 2 potions of enlightenment {unknown}
 d - a potion of invisibility {unknown}
 j - a potion of haste {unknown}
 k - a potion of berserk rage {unknown}
 n - a potion of mutation {unknown}
 o - 2 potions of curing {unknown}


   Skills:
 + Level 3.7 Fighting
 + Level 3.5 Long Blades
 + Level 3.6 Dodging
 + Level 0.2 Stealth


You had 2 spell levels left.
You didn't know any spells.
Your spell library contained the following spells:

 Spells                   Type           Power      Damage    Failure   Level
 Magic Dart               Conj           0%         1d3       43%         1
 Slow                     Hex            0%         N/A       43%         1
 Call Imp                 Summ           0%         N/A       56%         2
 Cigotuvi's Dreadful Rot  Necr/Pois/Air  0%         N/A       56%         2
 Confusing Touch          Hex            0%         N/A       80%         3
 Ignite Poison            Fire/Tmut/Pois 0%         N/A       80%         3
 Mephitic Cloud           Conj/Pois/Air  0%         N/A       80%         3
 Sigil of Binding         Hex            0%         N/A       80%         3
 Vampiric Draining        Necr           0%         2d6       80%         3
 Freezing Cloud           Conj/Ice/Air   0%         6-21      100%        5


Dungeon Overview and Level Annotations

Branches:
Dungeon (3/15)

Altars:


Innate Abilities, Weirdness & Mutations

Your plain brown scales are hard. (AC +5)
You cannot fit into any form of body armour.
You are cold-blooded and may be slowed by cold attacks.


Message History

The sleepcap releases spores at you.
You are engulfed in a cloud of soporific spores!
You fall asleep.
The sleepcap releases spores at you!!
You wake up.
Ouch! That really hurt!
You are engulfed in a cloud of soporific spores!
You are unaffected.
You hit the sleepcap.
You tail-slap the sleepcap, but do no damage.
The sleepcap is heavily damaged.
The sleepcap releases spores at you.
You are engulfed in a cloud of soporific spores!
You are unaffected.
You hit the sleepcap but do no damage.
You tail-slap the sleepcap, but do no damage.
The sleepcap is heavily damaged.
The sleepcap closely misses you.
You hit the sleepcap.
The sleepcap is severely damaged.
The sleepcap releases spores at you but does no damage.
You hit the sleepcap.
You tail-slap the sleepcap, but do no damage.
The sleepcap is severely damaged.
The sleepcap closely misses you.
You hit the sleepcap but do no damage. You tail-slap the sleepcap.
The sleepcap is severely damaged.
The sleepcap closely misses you.
You hit the sleepcap but do no damage.
The sleepcap is severely damaged.
The sleepcap closely misses you.
You hit the sleepcap.
The sleepcap is almost destroyed.
The sleepcap releases spores at you.
* * * LOW HITPOINT WARNING * * *
The sleepcap releases spores at you.
* * * LOW HITPOINT WARNING * * *
You are engulfed in a cloud of soporific spores!
You fall asleep.
The sleepcap releases spores at you!
You die...

..##.#........#
#.##.#.######.#
#.##.#.# #.#
#.##.#.# #.#
#<##.#.######.####
...#.............#
..†)...######..#.#
...#.### ##.#.#
#.##.# #.#@#
#.##.#
#......f...#
#.##..
...............
..##.#
##.##.#.###.##.
.....# # #.#.. .#
####.# #.### # ..
# #.# #


You could see a sleepcap.

Vanquished Creatures
  A gnoll (D:1)
  An adder (D:2)
  A worm (D:3)
  A dart slug (D:2)
  3 giant cockroaches
  2 goblins
  6 hobgoblins
  7 kobolds
  4 quokkas
  3 ball pythons
  2 bats
  2 frilled lizards
  2 rats (D:3)
35 creatures vanquished.

Notes
Turn   | Place    | Note
-------+----------+-------------------------------------------
     0 | D:1      | ExaltedWalrus the Draconian Berserker began the quest for
                  | the Orb.
     0 | D:1      | Reached XP level 1. HP: 19/19 MP: 1/1
   448 | D:1      | Reached XP level 2. HP: 21/26 MP: 2/2
  1100 | D:2      | Reached XP level 3. HP: 27/31 MP: 3/3
  1362 | D:2      | Reached ** piety under Trog
  1938 | D:3      | Mangled by a sleepcap

Illustrated notes

Levels and vault maps discovered:
D:1:      orjb1_clovarrival, layout_basic, hex_medium
D:2:      layout_rooms, minmay_crystal_water, nrook_mini_backslash
D:3:      layout_loops_ring, uniq_ijyb

Skill      XL: |  1 |
---------------+----+-----
Dodging        | 3 |  3.6
Fighting       | |  3.7
Long Blades    | |  3.5
Stealth        | |  0.2

Action                     || total
---------------------------++-------
  Melee: Falchion          ||   120
         Tailslap          ||    20
         Punch             ||     2
 Armour: Skin              ||    58
  Dodge: Dodged            ||    81

Table legend: (Time is in decaauts)
 A = Elapsed time spent in this place.
 B = Non-inter-level travel time spent in this place.
 C = Inter-level travel time spent in this place.
 D = Time resting spent in this place.
 E = Time spent auto-exploring this place.
 F = Levels seen in this place.
 G = Mean time per level.
                   A        B        C        D        E       F      G
               +--------+--------+--------+--------+--------+-----+--------+
         Total |   1962 |    333 |   1629 |      0 |      0 |   3 |  654.0 |
       Dungeon |   1962 |    333 |   1629 |      0 |      0 |   3 |  654.0 |
               +--------+--------+--------+--------+--------+-----+--------+

Top non-repeatable levels by time:
     D:1: 1103 daAuts
     D:2: 679 daAuts
     D:3: 178 daAuts
